 Dungeon Crawl Stone Soup version 0.23-a0-358-g98c7a59 (webtiles) character file.

74 qdestroyer the Cudgeler (level 4, -2/37 HPs)
             Began as a Draconian Gladiator on Oct 22, 2018.
             Killed by nerve-wracking pain
             ... invoked by an orc priest
              (12 damage)
             ... on level 3 of the Dungeon.
             The game lasted 00:03:58 (1618 turns).

qdestroyer the Cudgeler (Draconian Gladiator)       Turns: 1618, Time: 00:03:59

Health: -2/37      AC:  9    Str: 17    XL:     4   Next: 9%
Magic:  4/4        EV: 13    Int:  9    God:
Gold:   127        SH:  0    Dex: 12    Spells: 3/3 levels left

rFire    . . .     SeeInvis .   a - +0 flail
rCold    . . .     Gourm    .   (no shield)
rNeg     . . .     Faith    .   (armour unavailable)
rPois    .         Spirit   .   i - +1 hat
rElec    .         Reflect  .   f - +0 cloak
rCorr    .         Harm     .   j - +0 pair of gloves
MR       .....                  b - +0 pair of boots
Stlth    +.........             (no amulet)
HPRegen  0.12/turn              (no ring)
MPRegen  0.09/turn              (no ring)

@: no status effects
A: unfitting armour, cold-blooded, AC +5
a: no special abilities


You were on level 3 of the Dungeon.
You were not hungry.

You visited 1 branch of the dungeon, and saw 3 of its levels.

You collected 127 gold pieces.

Inventory:

Hand Weapons
 a - a +0 flail (weapon)
Missiles
 c - 3 throwing nets (quivered)
Armour
 b - a +0 pair of boots (worn)
 f - a +0 cloak (worn)
 i - a +1 hat (worn)
 j - a +0 pair of gloves (worn)
Scrolls
 e - 2 scrolls of remove curse
 g - a scroll of identify
 h - a scroll of fog {unknown}
 k - 2 scrolls of enchant armour
Comestibles
 d - a ration


   Skills:
 + Level 2.5 Fighting
 + Level 4.1 Maces & Flails
 + Level 1.8 Throwing
 + Level 3.4 Dodging
 + Level 0.1 Stealth


You had 3 spell levels left.
You didn't know any spells.
Your spell library was empty.

Dungeon Overview and Level Annotations

Branches:
Dungeon (3/15)

Altars:
The Shining One


Innate Abilities, Weirdness & Mutations

Your plain brown scales are hard. (AC +5)
You cannot fit into any form of body armour.
You are cold-blooded and may be slowed by cold attacks.


Message History

The orc priest barely misses you.
You sock the orc priest!
The orc priest is almost dead.
The orc priest hits you but does no damage.
The orc priest invokes the aid of Beogh against you.
Pain shoots through your body!
* * * LOW HITPOINT WARNING * * *
You hit the orc priest but do no damage.
The orc priest is almost dead.
The orc priest invokes the aid of Beogh against you.
You barely resist. You closely miss the orc priest.
The orc priest is almost dead.
The orc priest hits you with a +0 dagger.
* * * LOW HITPOINT WARNING * * *
You closely miss the orc priest.
The orc priest is almost dead.
The orc priest calls down the wrath of Beogh upon you.
Pain shoots through your body!
You die...

#### #.. ########
#.#
#..)...####.#####.#
#.####..(....[.....
#.# ######...###.
#.# #####...# #.#
#..).)..# #.#
#@###)#.# #.# #o#
#.#.#.## ####.# #o#
.......# #....# #.#
.#####.. #.####
#.##. #.### #.#
##### #...# #.# ###
#...# #.# ###_##
####...# #.# .....
#......###


You could see an orc priest and an orc.

Vanquished Creatures
  An adder (D:2)
  An ooze (D:1)
  A worm (D:2)
  A dart slug (D:1)
  4 leopard geckos
  3 orcs (D:3)
  2 giant cockroaches
  6 goblins
  7 hobgoblins
  2 jackals (D:1)
  A ball python (D:3)
  4 bats
  4 frilled lizards
  5 kobolds
  5 rats
47 creatures vanquished.

Notes
Turn   | Place    | Note
-------+----------+-------------------------------------------
     0 | D:1      | qdestroyer the Draconian Gladiator began the quest for the
                  | Orb.
     0 | D:1      | Reached XP level 1. HP: 17/17 MP: 1/1
    57 | D:1      | Reached XP level 2. HP: 21/24 MP: 2/2
   267 | D:1      | Reached XP level 3. HP: 26/29 MP: 3/3
  1009 | D:2      | Reached skill level 4 in Maces & Flails
  1543 | D:3      | Found a glowing golden altar of the Shining One.
  1579 | D:3      | Reached XP level 4. HP: 37/37 MP: 4/4
  1618 | D:3      | Killed from afar by an orc priest

Vault maps used:
D:1:      dpeg_arrival_pits, minmay_tromino_v4_a
D:3:      tso_altar, minmay_misc_feat_roman, uniq_crazy_yiuf_cottage,
          uniq_natasha

Skill      XL: |  1  2  3 |
---------------+----------+-----
Dodging        | 3 |  3.4
Maces & Flails | 4 |  4.1
Fighting       | |  2.5
Throwing       | |  1.8
Stealth        | |  0.1

Action                   |  1- 3 |  4- 6 || total
-------------------------+-------+-------++-------
Melee: Flail             |   144 |    21 ||   165
       Tailslap          |    14 |     1 ||    15
  Use: Scroll            |     4 |       ||     4
 Stab: Sleeping          |     1 |       ||     1
  Eat: Ration            |     1 |       ||     1
       Chunk             |     1 |       ||     1
Armor: Skin              |    37 |     5 ||    42
Dodge: Dodged            |   106 |    14 ||   120

Table legend:
 A = Non-vault XP
 B = Vault XP
 C = Vault XP percentage of total XP
 D = Non-vault monster count
 E = Vault monster count
 F = Vault count percentage of total count
                 A         B        C        D         E       F
            +---------+---------+-------+---------+---------+-------
      Total |      99 |       7 |   6.6 |      44 |       3 |   6.4
            +---------+---------+-------+---------+---------+-------
        D:1 |      53 |       7 |  11.7 |      27 |       3 |  10.0
        D:2 |      34 |       0 |   0.0 |      12 |       0 |   0.0
        D:3 |      12 |       0 |   0.0 |       5 |       0 |   0.0
            +---------+---------+-------+---------+---------+-------
